Match 47407669
Unlisted

Match 47407669
End
Kradschützen Motorcycle Team
Selects Italian Combined Arms Battlegroup
Selects Bersaglieri Squad
Bersaglieri Squad
Bersaglieri Squad
Construct Light Support Kompanie
Selects Bersaglieri Bolster
Bersaglieri Squad
2.5-tonne Medical Truck
Fire Support Elements
Flakvierling Half-track
Panzerjäger Mechanized Group
Selects Breda Model 30 Light Machine Guns
2.5-tonne Medical Truck
Panzerpioneer Squad
Combat Half-tracks
Construct Panzerarmee Kommand
Panzer III L Medium Tank
Selects Semovente da 75/18 Assault Gun
Selects Strafing Run
Walking Stuka Rocket Launcher
Panzer III L Medium Tank
Vehicle Survival Package
Strafing Run
Armored Reserves
Selects Artillery Cover
Tiger Heavy Tank
Emergency Repair Kits
Strafing Run
Flak 36 Anti-tank Gun Team
Walking Stuka Rocket Launcher
Panzerpioneer Squad
Artillery Cover
Panzer IV Assault Group
Panzerpioneer Squad
Strafing Run
StuG Assault Group
Walking Stuka Rocket Launcher
SMOKO
moemoe
Mr.Faraam
ChaBoi
WilllTHENOOBz
Some_Devil
spinn72
Commander Z
0
0

Comments sign in to comment!

No comments posted yet!